 Dungeon Crawl Stone Soup version 0.29.1-1-gd02db6906a (webtiles) character file.

Game seed: 9726461633583140862

21 MisterFreud the Cudgeller (level 3, -2/27 HPs)
             Began as a Formicid Gladiator on Sept 22, 2022.
             Slain by a goblin
             ... wielding a +0 mace
              (7 damage)
             ... on level 2 of the Dungeon.
             The game lasted 00:00:58 (1282 turns).

MisterFreud the Cudgeller (Formicid Gladiator)      Turns: 1282, Time: 00:00:58

Health: -2/27      AC:  4    Str: 20    XL:     3   Next: 2%
Magic:  3/3        EV: 12    Int:  7    God:
Gold:   47         SH:  0    Dex: 15    Spells: 2/2 levels left

rFire   . . .      SeeInvis +   a - +0 flail
rCold   . . .      Faith    .   (no shield)
rNeg    . . .      Spirit   .   b - +0 leather armour
rPois   .          Reflect  .   (helmet unavailable)
rElec   .          Harm     .   (no cloak)
rCorr   .          Rampage  .   (no gloves)
Will    .....                   e - +0 pair of boots
Stlth   +.........              (no amulet)
HPRegen 0.09/turn               (no ring)
MPRegen 0.08/turn               (no ring)

@: no status effects
A: permanent stasis, dig shafts and tunnels, antennae 3, four strong arms
a: Dig, Shaft Self


You were on level 2 of the Dungeon.
You visited 1 branch of the dungeon, and saw 2 of its levels.

You collected 47 gold pieces.

Inventory:

Hand Weapons
 a - a +0 flail (weapon)
Missiles
 c - 3 throwing nets (quivered)
 d - a javelin
 j - 6 boomerangs
Armour
 b - a +0 leather armour (worn)
 e - a +0 pair of boots (worn)
Wands
 l - a wand of mindburst (19)
Scrolls
 g - a scroll of teleportation {unknown}
 h - a scroll of identify {unknown}
 i - a scroll of immolation {unknown}
Potions
 f - a potion of mutation {unknown}
 k - a potion of heal wounds {unknown}


   Skills:
 - Level 2.1 Fighting
 + Level 4.0 Maces & Flails
 - Level 2.0 Throwing
 - Level 2.6 Dodging


You had 2 spell levels left.
You didn't know any spells.
Your spell library was empty.

Dungeon Overview and Level Annotations

Branches:
Dungeon (2/15)

Altars:


Innate Abilities, Weirdness & Mutations

You cannot be hasted, slowed, berserked, paralysed or teleported.
You can dig through walls and to a lower floor.
You have a pair of large antennae on your head. (SInv)
Your four strong arms can wield two-handed weapons with a shield.


Message History

The goblin is heavily wounded.
The goblin barely misses you.
You closely miss the goblin.
The goblin is heavily wounded.
The goblin hits you with a +0 mace.
You closely miss the goblin.
The goblin is heavily wounded.
The goblin hits you with a +0 mace. x2
You closely miss the goblin.
The goblin is heavily wounded.
The goblin hits you with a +0 mace!
You closely miss the goblin.
The goblin is heavily wounded.
The goblin hits you with a +0 mace.
* * * LOW HITPOINT WARNING * * *
You are too injured to fight recklessly!
Unknown command.
Unknown command.
Press: ? - help, v - describe, . - travel, g - get item
Here: a goblin, wielding a +0 mace and wearing a +0 scale mail (heavily wounded)
Items here: a +0 dagger; a kobold corpse.
The floor.
Unknown command.
You closely miss the goblin.
The goblin is heavily wounded.
The goblin hits you with a +0 mace.
* * * LOW HITPOINT WARNING * * *
Unknown command.
You closely miss the goblin.
The goblin is heavily wounded.
The goblin hits you but does no damage.
Unknown command.
You barely miss the goblin.
The goblin is heavily wounded.
The goblin closely misses you. The goblin barely misses you.
Unknown command.
You hit the goblin.
The goblin is severely wounded.
The goblin hits you with a +0 mace!
You die...

# #.##.#...#######
#. #.#.
#...........# ...
... #...........#
#.# #.##...........#
...#......>.........
#.#.##.##........##
... #.##........#
#†##.##........#
#Jg@.##.#####...
.....bw##.##.# ...
#b##.#{ #..#.# $. ..
...#.# #. ##. #...
b. .. ...## . ##
#.## .#


You could see a worm, an endoplasm, a goblin and 2 bats.

Vanquished Creatures
  A worm (D:2)
  2 bats
  An endoplasm (D:2)
  A giant cockroach (D:2)
  2 goblins (D:1)
  A hobgoblin (D:1)
  3 kobolds
  A quokka (D:2)
  A frilled lizard (D:2)
  4 rats
17 creatures vanquished.

Notes
Turn   | Place    | Note
-------+----------+-------------------------------------------
     0 | D:1      | MisterFreud the Formicid Gladiator began the quest for the
                  | Orb.
     0 | D:1      | Reached XP level 1. HP: 16/16 MP: 1/1
   316 | D:1      | Reached XP level 2. HP: 19/22 MP: 2/2
  1270 | D:2      | Reached skill level 4 in Maces & Flails
  1270 | D:2      | Reached XP level 3. HP: 25/27 MP: 3/3
  1282 | D:2      | Slain by a goblin

Illustrated notes

Levels and vault maps discovered:
D:1:      lightli_arrival_farm, layout_loops_corners, minmay_tiny_reverse_x
D:2:      layout_rooms, basic_ecumenical_altar, minmay_diced_spiral

Skill      XL: |  1  2 |
---------------+-------+-----
Maces & Flails | 4 |  4.0
Fighting       | |  2.1
Throwing       | |  2.0
Dodging        | |  2.6

Action                   || total
-------------------------++-------
Melee: Flail             ||    58
 Stab: Sleeping          ||     1
Armor: Leather armour    ||    20
Dodge: Dodged            ||    32
